 Dungeon Crawl Stone Soup version 0.28.0-53-g5a82cb258f (webtiles) character file.

Game seed: 18181964125612320120

67 CryoSword the Magician (level 4, 0/34 HPs)
             Began as a Demonspawn Hedge Wizard on May 23, 2022.
             Killed from afar by Natasha (9 damage)
             ... with a magic dart
             ... on level 2 of the Dungeon.
             The game lasted 00:02:47 (1925 turns).

CryoSword the Magician (Demonspawn Hedge Wizard)    Turns: 1925, Time: 00:02:48

Health: 0/34       AC:  3    Str: 12    XL:     4   Next: 0%
Magic:  4/8        EV: 12    Int: 16    God:
Gold:   64         SH:  0    Dex: 12    Spells: 6/9 levels left

rFire   + . .      SeeInvis .   j - +0 rapier
rCold   . . .      Faith    .   (no shield)
rNeg    . . .      Spirit   .   i - +0 leather armour
rPois   .          Reflect  .   c - +0 hat
rElec   .          Harm     .   (no cloak)
rCorr   .          Rampage  .   (no gloves)
Will    .....                   (no boots)
Stlth   ++........              (no amulet)
HPRegen 0.11/turn               g - ring of protection from fire
MPRegen 0.11/turn               (no ring)

@: no status effects
A: sturdy frame 2
a: no special abilities


You were on level 2 of the Dungeon.
You visited 1 branch of the dungeon, and saw 2 of its levels.

You collected 64 gold pieces.

Inventory:

Hand Weapons
 j - a +0 rapier (weapon)
   (You found it on level 2 of the Dungeon)
Armour
 b - a +0 robe
 c - a +0 hat (worn)
 i - a +0 leather armour (worn)
   (You found it on level 2 of the Dungeon)
Jewellery
 g - a ring of protection from fire (left hand)
   (You found it on level 2 of the Dungeon)
Scrolls
 d - a scroll of identify {unknown}
 h - a scroll of holy word {unknown}
Potions
 a - a potion of flight {unknown}
 f - a potion of degeneration {unknown}


   Skills:
 * Level 2.5 Fighting
 - Level 2.0 Dodging
 - Level 2.0 Stealth
 - Level 3.0 Spellcasting
 + Level 2.0 Conjurations
 + Level 1.5 Summonings
 - Level 0.8 Translocations


You had 6 spell levels left.
You knew the following spells:

 Your Spells              Type           Power      Damage    Failure   Level
a - Magic Dart            Conj           32%        1d4       9%          1
b - Call Imp              Summ           7%         N/A       16%         2

Your spell library contained the following spells:

 Spells                   Type           Power      Damage    Failure   Level
 Slow                     Hex            8%         N/A       19%         1
 Blink                    Tloc           10%        N/A       21%         2
 Conjure Flame            Conj/Fire      5%         6-21      36%         3
 Mephitic Cloud           Conj/Pois/Air  4%         N/A       38%         3


Dungeon Overview and Level Annotations

Branches:
Dungeon (2/15)

Altars:
Cheibriados

Annotations:
D:2 Natasha


Innate Abilities, Weirdness & Mutations

Your movements are less encumbered by armour. (ER -4)


Message History

A hobgoblin is nearby!
Aim: a hobgoblin (wandering, hasn't noticed you, 100% to hit)
The magic dart hits the hobgoblin.
The hobgoblin shouts!
You hit the hobgoblin.
You kill the hobgoblin!
No target in view!
h - a scroll labelled UJAMAD TUIBBO You see here a hobgoblin corpse.
An adder comes into view.
An adder is nearby!
An adder is nearby!
An adder is nearby!
Aim: an adder (asleep, 100% to hit)
The magic dart hits the adder.
The adder hisses angrily.
Aim: an adder (lightly wounded, 100% to hit)
The magic dart hits the adder.
Aim: an adder (moderately wounded, 100% to hit)
The magic dart hits the adder.
You closely miss the adder. The adder closely misses you.
You hit the adder. The adder bites you but does no damage.
The adder closely misses you.
You miss the adder. The adder barely misses you.
You hit the adder.
You kill the adder!
Your Fighting skill increases to level 2!
No target in view!
A frilled lizard comes into view.
You see here an adder corpse.
A frilled lizard is nearby!
A frilled lizard is nearby!
A frilled lizard is nearby!
Aim: a frilled lizard (asleep, 100% to hit)
You miscast Magic Dart.
You are very lightly contaminated with residual magic.
Nothing appears to happen.
Aim: a frilled lizard (asleep, 100% to hit)
The magic dart hits the frilled lizard.
You kill the frilled lizard!
That beam is likely to hit you.
Continue anyway?
Okay, then.
Your magical contamination has completely faded away.
Found a whip.
You now have 61 gold pieces (gained 8).
A kobold comes into view. It is wielding a +0 whip.
Found 3 gold pieces.
A kobold is nearby!
A kobold is nearby!
A kobold is nearby!
Aim: a kobold, wielding a +0 whip and quivering stones (asleep, 100% to hit)
You miscast Magic Dart.
You are very lightly contaminated with residual magic.
Nothing appears to happen.
Aim: a kobold, wielding a +0 whip and quivering stones (asleep, 100% to hit)
The magic dart hits the kobold.
The kobold shouts!
The kobold throws a stone.
The stone hits you.
Aim: a kobold, wielding a +0 whip and quivering stones (moderately wounded, 100% to hit)
The magic dart hits the kobold.
The kobold throws a stone.
The stone barely misses you.
Aim: a kobold, wielding a +0 whip and quivering stones (severely wounded, 100% to hit)
The magic dart hits the kobold.
You kill the kobold!
Okay, then.
Your magical contamination has completely faded away.
Found an escape hatch in the ceiling.
Things that are here:
a +0 whip; 2 stones You now have 64 gold pieces (gained 3).
There is an escape hatch in the ceiling here.
There is an escape hatch in the ceiling here.
Found a leather armour.
Found a rapier.
Found an escape hatch in the floor.
Found a snail-covered altar of Cheibriados.
Found a scale mail.
That beam is likely to hit you.
Continue anyway?
Okay, then.
You see here a +0 leather armour.
i - a +0 leather armour You see here a +0 rapier.
j - a +0 rapier
j - a +0 rapier (weapon)
You drop a +0 short sword.
You start removing your armour.
You continue taking off your +0 robe. x4
You finish taking off your +0 robe.
You start putting on your armour.
You continue putting on your +0 leather armour. x5
You finish putting on your +0 leather armour.
Natasha, Servant of Life and Death comes into view.
Found a ring mail.
The helpless Natasha fails to defend herself.
You hit Natasha. Natasha barely misses you.
You closely miss Natasha. Natasha claws you. Natasha closely misses you.
You barely miss Natasha. Natasha closely misses you.
You hit Natasha but do no damage. Natasha closely misses you.
You hit Natasha but do no damage. Natasha barely misses you.
You barely miss Natasha. Natasha claws you but does no damage.
You hit Natasha but do no damage.
Natasha mewls in sadness.
Natasha claws you. Natasha closely misses you.
You closely miss Natasha. Natasha closely misses you.
You hit Natasha. Natasha barely misses you.
Aim: Natasha (moderately wounded, 100% to hit)
The magic dart hits Natasha.
Natasha claws you.
Aim: Natasha (heavily wounded, 100% to hit)
The magic dart hits Natasha.
Natasha barely misses you.
You hit Natasha but do no damage. Natasha misses you.
You hit Natasha. Natasha claws you.
Hit: j) +0 rapier
Aim: Natasha (almost dead, about 47% to evade your +0 rapier)
You hit Natasha.
Natasha stares at you and mumbles some strange words.
The magic dart hits you.
* * * LOW HITPOINT WARNING * * *
Natasha mumbles some strange words.
You feel troubled. Natasha casts a spell at you.
You resist with significant effort.
Hit: j) +0 rapier
Aim: Natasha (almost dead, about 47% to evade your +0 rapier)
You closely miss Natasha. Natasha barely misses you.
Okay, then.
Aim: Natasha (almost dead, 100% to hit)
The magic dart hits Natasha but does no damage.
Natasha claws you.
* * * LOW HITPOINT WARNING * * *
Aim: Natasha (almost dead, 100% to hit)
The magic dart hits Natasha but does no damage.
Natasha stares at you and mumbles some strange words.
You feel yourself slow down.
Aim: Natasha (almost dead, 100% to hit)
The magic dart hits Natasha.
Natasha closely misses you.
Aim: Natasha (almost dead, 100% to hit)
The magic dart hits Natasha.
You kill Natasha!
Natasha screams in pain as she dies!
Your Conjurations skill increases to level 2!
You have reached level 4!
You feel clever.
Your demonic ancestry asserts itself...
You feel less encumbered by your armour.
Found a scroll labelled VOTOPL IRAN.
You start resting.
You feel yourself speed up.
You start resting.
Natasha, Servant of Life and Death comes into view.
Found 11 gold pieces and 31 stones.
Found a stone staircase leading up.
Natasha stares at you and mumbles some strange words.
The magic dart hits you!
You die...

#.##. #.......#.#. ...
#. #...)...#.## ## #.
#.......<.#
######.###.......###
........##........#
........##........#
......†.##h#....#.#
..########....#.####.###
#......@....###.# #...#
.......###......######..
##....$ ##..............
#..... #...._...#######
#..<..[.........# #
#?.......#.....## #
.......#######.[# #
...(... :..# # #####


You could see Natasha.

Vanquished Creatures
  Natasha (D:2)
  An adder (D:2)
  4 endoplasms
  2 hobgoblins
  2 quokkas (D:1)
  5 ball pythons (D:1)
  4 bats (D:1)
  A frilled lizard (D:2)
  3 goblins (D:1)
  3 kobolds
  7 rats (D:1)
33 creatures vanquished.

Notes
Turn   | Place    | Note
-------+----------+-------------------------------------------
     0 | D:1      | CryoSword the Demonspawn Hedge Wizard began the quest for
                  | the Orb.
     0 | D:1      | Reached XP level 1. HP: 13/13 MP: 4/4
   513 | D:1      | Gained mutation: Your movements are slightly less
                  | encumbered by armour. (ER -2) [demonic ancestry]
   513 | D:1      | Reached XP level 2. HP: 20/20 MP: 1/6
   587 | D:1      | Reached skill level 1 in Fighting
  1090 | D:1      | Learned a level 2 spell: Call Imp
  1526 | D:1      | Reached XP level 3. HP: 20/27 MP: 7/7
  1844 | D:2      | Found a snail-covered altar of Cheibriados.
  1885 | D:2      | Noticed Natasha
  1909 | D:2      | Killed Natasha
  1910 | D:2      | Gained mutation: Your movements are less encumbered by
                  | armour. (ER -4) [demonic ancestry]
  1910 | D:2      | Reached XP level 4. HP: 6/34 MP: 2/8
  1924 | D:2      | Noticed Natasha
  1925 | D:2      | Killed from afar by Natasha

Illustrated notes

Levels and vault maps discovered:
D:1:      erik_arrival_cave_to_civilisation [erik_arrival_cave_to_hall],
          layout_basic, hex_medium, minmay_cupped
D:2:      layout_rooms, basic_altar, uniq_crazy_yiuf_cottage, uniq_natasha

Skill      XL: |  1  2  3 |
---------------+----------+-----
Stealth        | 2 |  2.0
Fighting       | 1 2 |  2.5
Dodging        | 2 |  2.0
Conjurations   | 2 |  2.0
Spellcasting   | |  3.0
Summonings     | |  1.5
Translocations | |  0.8

Action                   |  1- 3 |  4- 6 || total
-------------------------+-------+-------++-------
Melee: Dagger            |    26 |       ||    26
       Short sword       |    24 |       ||    24
       Rapier            |    13 |       ||    13
 Cast: Magic Dart        |    53 |       ||    53
 Stab: Sleeping          |     4 |       ||     4
Armor: Robe              |    10 |       ||    10
       Leather armour    |     1 |       ||     1
Dodge: Dodged            |    75 |       ||    75
